 Dungeon Crawl Stone Soup version 0.28-a0-1033-g1a2f33fa85 (webtiles) character file.

Game seed: 16227255217572056094

1844 oldriver the Thaumaturge (level 8, -2/59 HPs)
             Began as a Red Draconian Conjurer on Dec 7, 2021.
             Was a Follower of Vehumet.
             Slain by Duvessa (7 damage)
             ... on level 6 of the Dungeon.
             The game lasted 00:06:43 (7958 turns).

oldriver the Thaumaturge (Red Draconian Conjurer)   Turns: 7958, Time: 00:06:49

Health: -2/59      AC:  7    Str: 11    XL:     8   Next: 88%
Magic:  6/21       EV: 12    Int: 20    God:    Vehumet [*.....]
Gold:   297        SH:  0    Dex:  9    Spells: 14/25 levels left

rFire   + . .      SeeInvis +   c - +4 dagger
rCold   . . .      Faith    .   (no shield)
rNeg    . . .      Spirit   .   (armour unavailable)
rPois   .          Reflect  .   (helmet restricted)
rElec   .          Harm     .   f - +0 cloak
rCorr   .          Rampage  .   (no gloves)
Will    .....                   (no boots)
Stlth   ++........              (no amulet)
HPRegen 0.19/turn               e - ring of see invisible
MPRegen 0.17/turn               (no ring)

@: no status effects
A: breathe fire, AC +6, unfitting armour, fire resistance 1, cold-blooded
a: Breathe Fire, Renounce Religion


You were on level 6 of the Dungeon.
You worshipped Vehumet.
Vehumet was aware of your devotion.
You visited 2 branches of the dungeon, and saw 7 of its levels.

You collected 297 gold pieces.

Inventory:

Hand Weapons
 c - a +4 dagger (weapon)
Armour
 f - a +0 cloak (worn)
Jewellery
 e - a ring of see invisible (left hand)
Wands
 m - a wand of paralysis (6)
 t - a wand of digging (6)
Scrolls
 a - 2 scrolls of teleportation {unknown}
 b - 2 scrolls of enchant weapon {unknown}
 d - a scroll of brand weapon {unknown}
 g - a scroll of magic mapping {unknown}
 h - a scroll of immolation {unknown}
 k - a scroll of identify {unknown}
 o - a scroll of blinking {unknown}
 p - a scroll of fog {unknown}
 r - 2 scrolls of amnesia {unknown}
 s - a scroll of vulnerability {unknown}
 u - a scroll of acquirement {unknown}
Potions
 i - 2 potions of curing {unknown}
 j - 2 potions of heal wounds {unknown}
 l - a potion of degeneration {unknown}
 n - a potion of flight {unknown}
 q - a potion of mutation {unknown}


   Skills:
 + Level 1.3 Fighting
 + Level 2.7 Dodging
 + Level 2.3 Stealth
 + Level 9.3 Spellcasting
 + Level 5.4 Conjurations
 * Level 2.8 Translocations


You had 14 spell levels left.
You knew the following spells:

 Your Spells              Type           Power      Damage    Failure   Level
a - Magic Dart            Conj           100%       1d8       1%          1
b - Searing Ray           Conj           62%        2d6       1%          2
c - Iskenderun's Mystic   Conj/Tloc      26%        2d7       13%         4
d - Fulminant Prism       Conj/Hex       10%        3d9       24%         4

Your spell library contained the following spells:

 Spells                   Type           Power      Damage    Failure   Level
 Foxfire                  Conj/Fire      80%        2x1d8     2%          1
 Sting                    Tmut/Pois      36%        1d4       8%          1
 Dazzling Flash           Conj/Hex       40%        N/A       8%          3
 Corpse Rot               Necr/Air       18%        N/A       12%         2
 Ensorcelled Hibernation  Hex/Ice        18%        N/A       12%         2
 Poisonous Vapours        Pois/Air       18%        N/A       12%         2
 Sublimation of Blood     Necr           9%         N/A       12%         2
 Spider Form              Tmut/Pois      9%         N/A       22%         3
 Irradiate                Conj/Tmut      10%        3d17      56%         5
 Olgreb's Toxic Radiance  Pois           9%         N/A       58%         4
 Petrify                  Tmut/Erth      9%         N/A       58%         4


Dungeon Overview and Level Annotations

Branches:
Dungeon (6/15)             Temple (1/1) D:4

Altars:
Ashenzari
Cheibriados
Dithmenos
Elyvilon
Gozag
Hepliaklqana
Kikubaaqudgha
Makhleb
Nemelex Xobeh
Okawaru
Qazlal
Ru
Sif Muna
Trog
Uskayaw
Vehumet
Wu Jian
Yredelemnul
Zin
The Shining One

Shops:
D:2 ?

Annotations:
D:6 4 runed translucent doors, Crazy Yiuf; Duvessa; meatgazer's ghost, novice DsAK


Innate Abilities, Weirdness & Mutations

You can breathe blasts of fire.
Your fiery red scales are hard. (AC +6)
You cannot fit into any form of body armour.
Your flesh is heat resistant. (rF+)
You are cold-blooded and may be slowed by cold attacks.


Message History

Duvessa goes berserk!
The magic dart hits Duvessa but does no damage.
Duvessa is lightly wounded.
Duvessa rages.
The magic dart hits Duvessa.
Duvessa is lightly wounded.
Casting: Magic Dart (safe; 1% risk of failure)
Confirm with . or Enter, or press ? or * to list all spells.
Aiming: Searing Ray (safe; 1% risk of failure)
Press: ? - help, Shift-Dir - straight line, f/p - Duvessa
Aim: Duvessa, wielding a +0 short sword and wearing a +2 ring mail of fire resistance (lightly wounded, berserk, 85% to hit)
The searing ray hits Duvessa but does no damage.
Duvessa is lightly wounded. (Press . to maintain the ray.)
The searing ray hits Duvessa.
Duvessa is lightly wounded.
Duvessa hits you with a +0 short sword! x2
The searing ray hits Duvessa.
Duvessa is moderately wounded.
Duvessa closely misses you.
The searing ray hits Duvessa.
Duvessa is moderately wounded.
You finish channelling your searing ray.
Duvessa hits you with a +0 short sword! x2
* * * LOW HITPOINT WARNING * * *
Unknown command.
Casting: Searing Ray (safe; 1% risk of failure)
Confirm with . or Enter, or press ? or * to list all spells.
You erupt in a blast of force!
The mystic blast hits Duvessa but does no damage.
Duvessa is moderately wounded.
Duvessa hits you with a +0 short sword!
* * * LOW HITPOINT WARNING * * *
Casting: Iskenderun's Mystic Blast (dangerous; 13% risk of failure)
Confirm with . or Enter, or press ? or * to list all spells.
You erupt in a blast of force!
The mystic blast hits Duvessa but does no damage.
Duvessa is moderately wounded.
Duvessa hits you with a +0 short sword!
You die...

######.# #.. #.#
#....#.# #.. #.#
#.##.#.####.. #.#
#(##......... #.#
#>####.......
#.####.####.#####.
#..)##......# #.
#รท...#####..# #.
##@e...## #..#####.
####.......###........
#................)(...
#.##.......###..#####.
#.###.....##.....####.
#.####...###...<......
#.##...#..))..........
#.##.#...##<)...##.##.
#.##.##........##)..##


You could see Duvessa (berserk).

Vanquished Creatures
  Sigmund (D:4)
  Menkaure (D:6)
  A sky beast (D:6)
  A water moccasin (D:6)
  2 black bears (D:5)
  An ice beast (D:6)
  A necrophage (D:5)
  3 ogres
  A scorpion (D:5)
  A water moccasin skeleton (D:4)
  Dowan (D:6)
  4 wights (D:6)
  A bullfrog zombie (D:6)
  A jelly (D:6)
  2 hounds (D:5)
  A centaur skeleton (D:5)
  2 iguanas
  Terence (D:2)
  2 hound skeletons (D:4)
  Robin (D:2)
  8 adders
  A shadow imp (D:3)
  An ufetubus (D:4)
  An adder skeleton (D:4)
  2 worms
  6 dart slugs
  5 orcs
  9 ball pythons
  4 endoplasms
  6 giant cockroaches
  20 goblins
  2 hobgoblins (D:2)
  3 jackals (D:5)
  2 quokkas (D:4)
  2 bats
  4 kobolds
  8 rats
113 creatures vanquished.

Vanquished Creatures (others)
  A plant (D:3)
1 creature vanquished.

Grand Total: 114 creatures vanquished

Notes
Turn   | Place    | Note
-------+----------+-------------------------------------------
     0 | D:1      | oldriver the Draconian Conjurer began the quest for the
                  | Orb.
     0 | D:1      | Reached XP level 1. HP: 14/14 MP: 3/3
   463 | D:1      | Reached XP level 2. HP: 19/20 MP: 1/5
  1028 | D:2      | Reached skill level 3 in Spellcasting
  1501 | D:2      | Reached XP level 3. HP: 25/26 MP: 0/8
  1608 | D:2      | Learned a level 2 spell: Searing Ray
  1797 | D:2      | Found Uddawi's Magic Scroll Boutique.
  1856 | D:2      | Noticed Robin
  1924 | D:2      | Killed Robin
  1931 | D:2      | Reached skill level 4 in Spellcasting
  1946 | D:2      | Reached XP level 4. HP: 33/33 MP: 1/10
  2291 | D:2      | Noticed Terence
  2317 | D:2      | Killed Terence
  2589 | D:3      | Found a faded altar of an unknown god.
  3058 | D:3      | You fall into a shaft and drop 1 floor!
  3271 | D:4      | Noticed an ogre
  3287 | D:4      | Killed an ogre
  3288 | D:4      | Reached skill level 5 in Spellcasting
  3288 | D:4      | Reached XP level 5. HP: 38/38 MP: 2/13
  3575 | D:4      | Noticed Sigmund
  3595 | D:4      | Reached XP level 6. HP: 32/45 MP: 10/14
  3597 | D:4      | Killed Sigmund
  3598 | D:4      | Reached skill level 6 in Spellcasting
  3757 | D:4      | Found a staircase to the Ecumenical Temple.
  3768 | Temple   | Entered the Ecumenical Temple
  4077 | Temple   | Became a worshipper of Vehumet
  4662 | D:5      | Entered Level 5 of the Dungeon
  4740 | D:5      | Reached skill level 7 in Spellcasting
  4740 | D:5      | Your scales start taking on a fiery red colour.
  4740 | D:5      | Reached XP level 7. HP: 39/51 MP: 7/17
  4740 | D:5      | Gained mutation: Your flesh is heat resistant. (rF+) [Red
                  | Draconian growth]
  4829 | D:5      | Found a bloodstained altar of Trog.
  5564 | D:3      | Learned a level 4 spell: Iskenderun's Mystic Blast
  5569 | D:3      | Learned a level 4 spell: Fulminant Prism
  5799 | D:5      | Reached skill level 8 in Spellcasting
  5848 | D:5      | Reached * piety under Vehumet
  5848 | D:5      | Offered knowledge of Foxfire by Vehumet.
  5856 | D:5      | Reached skill level 1 in Translocations
  6360 | D:5      | Found a broken altar of Ashenzari.
  6361 | D:5      | Found a sparkling altar of Nemelex Xobeh.
  6381 | D:6      | Noticed Menkaure
  6386 | D:6      | Killed Menkaure
  6387 | D:6      | Reached XP level 8. HP: 55/58 MP: 12/20
  6395 | D:6      | Reached skill level 1 in Fighting
  6950 | D:6      | Found a burning altar of Makhleb.
  7052 | D:6      | Reached skill level 9 in Spellcasting
  7052 | D:6      | Reached skill level 5 in Conjurations
  7306 | D:6      | Found a runed translucent door.
  7307 | D:6      | Noticed Crazy Yiuf
  7416 | D:6      | Found a runed translucent gate.
  7416 | D:6      | Found a runed translucent gate.
  7418 | D:6      | Found a runed translucent gate.
  7418 | D:6      | Found an opulent altar of Gozag.
  7418 | D:6      | Noticed an unseen horror
  7420 | D:6      | Noticed meatgazer's ghost (novice DsAK)
  7700 | D:6      | Noticed Dowan
  7708 | D:6      | Killed Dowan
  7949 | D:6      | Noticed Duvessa
  7958 | D:6      | Slain by Duvessa

Illustrated notes

Levels and vault maps discovered:
D:1:      minmay_arrival_loop, layout_loops_ring
D:2:      layout_loops_ring, serial_shops, nicolae_shop_statue_plus, uniq_robin,
          uniq_terence
D:3:      layout_loops_corners, shapermc_ecumenical_altar_starsandcircs,
          hangedman_abyss_or_decor_stabs, serial_bayou_pond_a
D:4:      layout_basic, minmay_temple_entry_tees, hangedman_glass_teeth,
          st_stairs_4, uniq_sigmund
D:5:      layout_basic, trog_ov_bears_minmay, nicolae_overflow_hidden_temple,
          kennysheep_cross_room
D:6:      layout_loops_ring, lemuel_round_altar, ebering_ghost_gozag,
          minmay_quadrilaterals, uniq_menkaure, uniq_crazy_yiuf_cottage,
          uniq_duvessa
Temple:   nicolae_temple_elliptical

Skill      XL: |  1  2  3  4  5  6  7  8 |
---------------+-------------------------+-----
Spellcasting   | 3 4 5 7 8 9 |  9.3
Dodging        | 2 |  2.7
Translocations | 1 2 |  2.8
Stealth        | 2 |  2.3
Fighting       | 1 |  1.3
Conjurations   | 5 |  5.4

Action                   |  1- 3 |  4- 6 |  7- 9 || total
-------------------------+-------+-------+-------++-------
Melee: Unarmed           |     8 |       |       ||     8
       Tailslap          |     1 |     3 |     1 ||     5
       Dagger            |    12 |    11 |     4 ||    27
 Cast: Magic Dart        |    70 |   106 |    95 ||   271
       Searing Ray       |       |     8 |    21 ||    29
       Iskenderun's Myst |       |       |     3 ||     3
  Use: Potion            |       |     2 |       ||     2
Armor: Skin              |    11 |    17 |    21 ||    49
Dodge: Dodged            |    14 |    37 |    26 ||    77

Table legend: (Time is in decaauts)
 A = Elapsed time spent in this place.
 B = Non-inter-level travel time spent in this place.
 C = Inter-level travel time spent in this place.
 D = Time resting spent in this place.
 E = Time spent auto-exploring this place.
 F = Levels seen in this place.
 G = Mean time per level.
                   A        B        C        D        E       F      G
               +--------+--------+--------+--------+--------+-----+--------+
         Total |   7963 |   7717 |    246 |   2083 |   4717 |   7 | 1137.6 |
       Dungeon |   7635 |   7407 |    228 |   1924 |   4599 |   6 | 1272.5 |
        Temple |    327 |    309 |     18 |    159 |    118 |   1 |  327.0 |
               +--------+--------+--------+--------+--------+-----+--------+

Top non-repeatable levels by time:
     D:2: 1471 daAuts
     D:6: 1410 daAuts
     D:4: 1331 daAuts
     D:5: 1295 daAuts
     D:3: 1103 daAuts
     D:1: 1023 daAuts
  Temple: 327 daAuts
